Map: Frozen Temple

Players

Miszu - Winner!

  • Race: Terran Terran
  • League: Master

xongnoc

  • Race: Terran Terran
  • League: Master

VOD

Have the link to the VOD?

Description

Time

  • Played on: April 20, 2016, 3:24 p.m.
  • Length: 3:31
Show
View Real Time Build Order
Export as new Build Order

Miszu Terran - Winner!

Build Orders:  

Get SALT Encoding   

  12  0:01  SCV  
  13  0:13  SCV  
  14  0:18  Supply Depot  
  14  0:24  Refinery  
  14  0:29  SCV  
  15  0:41  SCV  
  16  0:47  Barracks  
  16  0:53  SCV  
  17  1:05  SCV  
  18  1:17  SCV  
  19  1:29  Refinery  
  19  1:33  Orbital Command  
  19  1:35  Factory  
  19  1:37  Marine  
  20  1:41  Supply Depot  
  20  1:55  Marine  
  21  2:02  SCV  
  21  2:15  Reaper  
  21  2:16  SCV  
  21  2:20  Hellion  
  23  2:28  SCV  
  23  2:36  Supply Depot  
  23  2:40  SCV  
  23  2:41  Hellion  
  25  2:47  Reaper  
  22  2:55  SCV  
  23  3:03  Hellion  
Show
View Real Time Build Order
Export as new Build Order

xongnoc Terran 

Build Orders:  

Get SALT Encoding   

  12  0:11  Supply Depot  
  12  0:34  Refinery  
  13  0:39  Barracks  
  12  0:51  Barracks  
  12  0:58  SCV  
  13  1:10  SCV  
  15  1:26  Reaper  
  15  1:29  Barracks  
  15  1:37  Reaper  
  16  1:43  Refinery  
  16  1:58  Reaper  
  16  2:08  SCV  
  17  2:27  Reaper x2  
  19  2:33  SCV  
  20  2:37  Reaper  
  20  2:55  SCV  
  21  2:59  Reaper  
  23  3:17  SCV  
Tags
 
Add a new tag
Caveats
  • Supply blocks, unpowered buildings, or Contaminate may cause inaccurate times.
  • Supply counts are checked every 10 seconds.